 Dungeon Crawl Stone Soup version 0.31-a0-121-g1e386dd289 (webtiles) character file.

Game seed: 4042002100366739269

69 Iich the Trooper (level 4, 37/37 HPs)
             Began as a Demonspawn Fighter on May 31, 2023.
             Got out of the dungeon alive.
             The game lasted 00:02:51 (1409 turns).

Iich the Trooper (Demonspawn Fighter)               Turns: 1409, Time: 00:02:51

Health: 37/37      AC:  8    Str: 16    XL:     4   Next: 2%
Magic:  4/4        EV:  8    Int:  9    God:
Gold:   70         SH:  5    Dex: 15    Spells: 3/3 levels left

rFire   . . .        a - +0 war axe
rCold   . . .        c - +0 buckler
rNeg    . . .        e - +0 chain mail
rPois   .            (no helmet)
rElec   .            (no cloak)
rCorr   .            (no gloves)
SInv    .            (no boots)
Will    .....        (no amulet) Stlth
                     (no ring)
HPRegen 0.26/turn    (no ring)
MPRegen 0.09/turn

%: no passive effects
@: no status effects
A: hooves 1, foul stench 1, sturdy frame 1
a: no special abilities


You escaped.
You visited 1 branch of the dungeon, and saw 3 of its levels.

You collected 70 gold pieces.

Inventory:

Hand Weapons
 a - a +0 war axe (weapon)
Armour
 b - a +0 scale mail
 c - a +0 buckler (worn)
 e - a +0 chain mail (worn)
Scrolls
 f - a scroll of noise
 k - a scroll of enchant armour {unknown}
 t - a scroll of teleportation
Potions
 d - 2 potions of might
 g - a potion of mutation {unknown}
 h - a potion of cancellation {unknown}
 i - a potion of haste {unknown}
 j - a potion of ambrosia {unknown}


   Skills:
 + Level 3.7 Fighting
 * Level 3.3 Axes
 - Level 2.6 Armour
 - Level 2.6 Shields


You had 3 spell levels left.
You didn't know any spells.
Your spell library contained the following spells:

 Spells                   Type           Power      Damage    Failure   Level
 Beastly Appendage        Tmut           0%         N/A       98%         1
 Wereblood                Tmut           0%         N/A       99%         2
 Spider Form              Tmut/Pois      0%         N/A       100%        3


Dungeon Overview and Level Annotations

Branches:
Dungeon (3/15)

Altars:
Trog


Innate Abilities, Weirdness & Mutations

You have large cloven feet.
You may rarely emit foul miasma when damaged in melee.
Your movements are slightly less encumbered by armour. (ER -2)


Message History

There is a stone staircase leading down here.
You climb downwards.
There is a stone staircase leading up here.
g - a fizzy purple potion A bat comes into view.
Found a stone staircase leading up.
A bat is nearby!
The bat hits you but does no damage.
You miss the bat. You kick the bat.
You kill the bat!
You have reached level 4!
You feel agile.
Your demonic ancestry asserts itself...
You begin to emit a foul stench of rot and decay.
Health restored: 37; MP restored: 4
(D) Dungeon
Where to? (Enter - D:3, ? - help)
What level of the Dungeon? (default 1, ? - help)
A bat comes into view.
The bat hits you but does no damage. You block the bat's attack.
You miss the bat. Your kick misses the bat. The bat hits you.
The bat hits you but does no damage. The bat closely misses you.
You take 1 damage, and have 36/37 hp.
You slash the bat!
You kill the bat!
Health restored: 37 No target in view!
No target in view!
(D) Dungeon
Where to? (Enter - D:1 @ (x,y), ? - help)
What level of the Dungeon? (default 1, ? - help)
There is a stone staircase leading up here.
You climb upwards.
There is a stone staircase leading down here.
There is a stone staircase leading up here.
You climb upwards.
There is a stone staircase leading down here.
There is a staircase leading out of the dungeon here.
Are you sure you want to leave the Dungeon?
This will make you lose the game!
You have escaped!

..#...............#######.#
......................# #.#
...##.................# #.#
#..##...##..#.........###.#######
#..##...##........♣.............#
#..##...##.......8....###.#####.#
.........)............# #.# #.#
......................# #.# #.#
#..##.#.........@.....# #.# #.#
#..##.................###.# #.#
#..##.....................# #.#
...###.........############ #.#
#.## ##.......## #.. #.#
#.#...### ### ..#####.##...#
########. #.......##...#
#........ ...##.####...#
#.######.


There were no monsters in sight!

Vanquished Creatures
  An adder (D:2)
  4 dart slugs (D:1)
  5 bats
  2 endoplasms
  3 giant cockroaches
  5 goblins
  5 hobgoblins
  3 jackals (D:1)
  A quokka (D:2)
  8 ball pythons
  2 frilled lizards
  4 kobolds
  3 rats
46 creatures vanquished.

Notes
Turn   | Place    | Note
-------+----------+-------------------------------------------
     0 | D:1      | Iich the Demonspawn Fighter began the quest for the Orb.
     0 | D:1      | Reached XP level 1. HP: 18/18 MP: 1/1
    88 | D:1      | Gained mutation: Your movements are slightly less
                  | encumbered by armour. (ER -2) [demonic ancestry]
    88 | D:1      | Reached XP level 2. HP: 24/24 MP: 2/2
   357 | D:1      | Gained mutation: You have large cloven feet. [demonic
                  | ancestry]
   357 | D:1      | Reached XP level 3. HP: 27/29 MP: 3/3
   635 | D:2      | Found a bloodstained altar of Trog.
  1361 | D:3      | Gained mutation: You may rarely emit foul miasma when
                  | damaged in melee. [demonic ancestry]
  1361 | D:3      | Reached XP level 4. HP: 37/37 MP: 4/4
  1409 | D:$      | Got out of the dungeon alive.

Illustrated notes

Levels and vault maps discovered:
D:1:      wander_arrival_lonely_grave, layout_loops_ring
D:2:      layout_basic, basic_altar
D:3:      minmay_roachtagon, layout_basic

Skill      XL: |  1  2  3 |
---------------+----------+-----
Axes           | 2 3 |  3.3
Fighting       | |  3.7
Armour         | |  2.6
Shields        | |  2.6

Action                     |  1- 3 |  4- 6 || total
---------------------------+-------+-------++-------
  Melee: War axe           |   101 |     2 ||   103
         Kick              |    12 |       ||    12
    Use: Scroll            |     2 |       ||     2
 Armour: Scale mail        |    19 |       ||    19
         Chain mail        |    49 |     2 ||    51
  Dodge: Dodged            |    34 |     1 ||    35
  Block: Buckler           |    19 |     1 ||    20

Table legend: (Time is in decaauts)
 A = Elapsed time spent in this place.
 B = Non-inter-level travel time spent in this place.
 C = Inter-level travel time spent in this place.
 D = Time resting spent in this place.
 E = Time spent auto-exploring this place.
 F = Levels seen in this place.
 G = Mean time per level.
                   A        B        C        D        E       F      G
               +--------+--------+--------+--------+--------+-----+--------+
         Total |   1452 |   1370 |     82 |      0 |   1060 |   3 |  484.0 |
       Dungeon |   1452 |   1370 |     82 |      0 |   1060 |   3 |  484.0 |
               +--------+--------+--------+--------+--------+-----+--------+

Top non-repeatable levels by time:
     D:2: 738 daAuts
     D:1: 672 daAuts
     D:3: 41 daAuts
